 Dungeon Crawl Stone Soup version 0.26.1-11-gd32895ea62 (webtiles) character file.

Game seed: 6483568258391895577

1253 Asagix the Cudgeller (level 8, 0/91 HPs)
             Began as a Human Berserker on June 28, 2021.
             Was an Elder of Trog.
             Slain by a sky beast (2 damage)
             ... on level 6 of the Dungeon.
             The game lasted 00:22:45 (5806 turns).

Asagix the Cudgeller (Human Berserker)              Turns: 5806, Time: 00:22:46

Health: 0/91       AC: 24    Str: 19    XL:     8   Next: 80%
Magic:  8/8        EV:  2    Int: 15    God:    Trog [****..]
Gold:   322        SH:  0    Dex: 12    Spells: 7/7 levels left

rFire    + . .     SeeInvis .   v - +0 scythe
rCold    . . .     Faith    .   (shield currently unavailable)
rNeg     + + +     Spirit   .   (armour currently unavailable)
rPois    +         Reflect  .   (helmet currently unavailable)
rElec    .         Harm     .   (cloak currently unavailable)
rCorr    .         Rampage  .   (gloves currently unavailable)
Will     .....     NoTele   +   (boots currently unavailable)
Stlth    +.........             (no amulet)
HPRegen  0.25/turn              q - +6 ring of intelligence
MPRegen  0.11/turn              x - ring of protection from fire

@: tree-form, berserk cooldown
A: no striking features
a: Renounce Religion, Berserk, Trog's Hand, Brothers in Arms


You were on level 6 of the Dungeon.
You worshipped Trog.
Trog was greatly pleased with you.
You were a tree.
You visited 1 branch of the dungeon, and saw 6 of its levels.

You collected 322 gold pieces.

Inventory:

Hand Weapons
 k - a +1 dagger of venom
 o - a +0 morningstar
 s - a +0 falchion
 t - a +0 giant spiked club
 v - a +0 scythe (weapon)
 w - a +0 war axe
Armour
 a - a +0 helmet (melded)
 b - a +0 animal skin
 g - a +0 ring mail (melded)
 i - a +0 helmet
 l - a +0 helmet
Jewellery
 q - a +6 ring of intelligence (left branch)
 x - a ring of protection from fire (right branch)
Wands
 r - a wand of flame (8)
Scrolls
 d - 4 scrolls of identify
 f - 5 scrolls of remove curse {unknown}
 h - a scroll of teleportation
 n - a scroll of blinking {unknown}
 p - a scroll of enchant armour {unknown}
 u - a scroll of noise {unknown}
Potions
 m - 2 potions of attraction {unknown}


   Skills:
 + Level 4.8 Fighting
 + Level 0.5 Short Blades
 + Level 3.9(5.5) Axes
 + Level 5.3(6.0) Maces & Flails
 + Level 2.4(3.5) Polearms
 + Level 5.2 Armour
 + Level 4.0 Dodging
 + Level 0.7 Stealth
 + Level 0.1 Evocations


You had 7 spell levels left.
You didn't know any spells.
Your spell library contained the following spells:

 Spells                   Type           Power        Failure   Level
 Freeze                   Ice            0%           26%         1
 Sting                    Tmut/Pois      0%           26%         1
 Poisonous Vapours        Pois/Air       0%           38%         2
 Frozen Ramparts          Ice            0%           63%         3
 Ignite Poison            Fire/Tmut/Pois 0%           63%         3
 Mephitic Cloud           Conj/Pois/Air  0%           63%         3
 Ozocubu's Armour         Ice            0%           63%         3
 Hailstorm                Conj/Ice       0%           95%         4
 Olgreb's Toxic Radiance  Pois           0%           95%         4
 Summon Ice Beast         Ice/Summ       0%           95%         4


Dungeon Overview and Level Annotations

Branches:
Dungeon (5/15)
 Temple: D:4-7

Altars:
Dithmenos
Zin


Message History

* * * LOW HITPOINT WARNING * * *
Something shocks you.
* * * LOW HITPOINT WARNING * * *
You closely miss something.
Something hits you but does no damage. x2
You closely miss something. Something hits you but does no damage.
Something hits you.
* * * LOW HITPOINT WARNING * * *
Something shocks you.
* * * LOW HITPOINT WARNING * * *
It was a potion of lignification.
You turn into a tree.
Your +0 helmet melds into your body.
Your +0 ring mail melds into your body.
Your roots penetrate the ground.
Something hits you.
* * * LOW HITPOINT WARNING * * *
Something shocks you.
* * * LOW HITPOINT WARNING * * *
You closely miss something. Something hits you but does no damage.
You completely miss something.
A sky beast appears from thin air!
Reactivating autopickup.
The sky beast hits you.
You die...

..# ##....##Z.#....###.. ..#
#......##{Z........ . ..#
##...^..## #....###..#
.#####........# #.........#
.# #..........# #.oo.####.
.######.##....# #....#
.##......##..## ###..#
.##...........#####..#
..(......)......♣YZ..#
############)#.###...#
#...)...# ##### #.#.
#.###.### .... ###...###
.... ###...#...### ...
###...#####...### ..#
##...#...#####...### #..#.#.
...#####...#####...##.......


You could see a sky beast and a quokka zombie.

Vanquished Creatures
  Sigmund (D:6)
  2 ice beasts
  3 ogres (D:5)
  A hound (D:6)
  A quasit (D:5)
  An iguana (D:6)
  9 orc wizards (D:6)
  5 worker ants
  A hound zombie (D:5)
  Robin (D:2)
  9 adders
  A white imp (D:5)
  A worm (D:3)
  2 dart slugs
  3 leopard geckos
  6 orcs
  4 giant cockroaches
  11 goblins
  15 hobgoblins
  2 quokkas
  A ball python (D:4)
  5 bats
  4 frilled lizards
  8 kobolds
  A leopard gecko zombie (D:5)
  A quokka skeleton (D:5)
  A quokka zombie (D:5)
  4 rats
104 creatures vanquished.

Vanquished Creatures (others)
  An orc wizard (D:6)
1 creature vanquished.

Grand Total: 105 creatures vanquished

Notes
Turn   | Place    | Note
-------+----------+-------------------------------------------
     0 | D:1      | Asagix the Human Berserker began the quest for the Orb.
     0 | D:1      | Reached XP level 1. HP: 18/18 MP: 1/1
   166 | D:1      | Reached XP level 2. HP: 17/24 MP: 2/2
   448 | D:1      | Reached ** piety under Trog
   449 | D:1      | Reached XP level 3. HP: 29/29 MP: 3/3
   898 | D:2      | Reached XP level 4. HP: 18/35 MP: 4/4
  1247 | D:2      | Noticed Robin
  1260 | D:2      | Killed Robin
  2049 | D:3      | Reached XP level 5. HP: 39/42 MP: 5/5
  2836 | D:3      | Reached *** piety under Trog
  3074 | D:4      | You fall into a shaft and drop 1 floor!
  3074 | D:5      | Entered Level 5 of the Dungeon
  3180 | D:5      | Found a glowing silver altar of Zin.
  3180 | D:5      | Found a shadowy altar of Dithmenos.
  3250 | D:5      | Reached skill level 1 in Maces & Flails
  3423 | D:5      | Noticed an ice beast
  3439 | D:5      | Killed an ice beast
  3440 | D:5      | Reached XP level 6. HP: 48/48 MP: 6/6
  3623 | D:5      | Noticed an ogre
  3631 | D:5      | Killed an ogre
  3632 | D:5      | Reached XP level 7. HP: 54/54 MP: 7/7
  4653 | D:5      | You fall into a shaft and drop 1 floor!
  4653 | D:6      | Noticed Sigmund
  4672 | D:6      | Reached XP level 8. HP: 35/61 MP: 8/8
  4685 | D:6      | Killed Sigmund
  4686 | D:6      | Reached skill level 5 in Maces & Flails
  5223 | D:6      | Reached skill level 5 in Armour
  5568 | D:6      | Reached skill level 1 in Polearms
  5794 | D:6      | Reached **** piety under Trog
  5804 | D:6      | HP: 1/91 [something (6)]
  5806 | D:6      | Slain by a sky beast

Illustrated notes

Levels and vault maps discovered:
D:1:      lightli_arrival_isolated_outpost, layout_loops_ring
D:2:      layout_basic, uniq_robin
D:3:      layout_basic
D:4:      layout_basic, serial_shops, kennysheep_mini_moat,
          gup_ossuary_entry_pyramid, eino_curves_02, kennysheep_cluttered_room,
          nemelex_lonely_heart_becter, uniq_grinder, uniq_blork_the_orc
D:5:      cheibrodos_barr_body, layout_basic, amethyst_overflow_temple_binary,
          gup_sewer_entry_glass, minmay_fractal_squares_gapless_5
D:6:      minmay_flawed_box, layout_loops_corners, lemuel_round_altar,
          ebering_ghost_sewer_f, nicolae_benzene_ring, minmay_circle_x,
          uniq_sigmund

Skill      XL: |  1  2  3  4  5  6  7  8 |
---------------+-------------------------+-----
Armour         | 3 4 5 |  5.2
Maces & Flails | 1 3 4 5 |  5.3
Dodging        | 3 4 |  4.0
Fighting       | 4 |  4.8
Polearms       | 2 |  2.4
Short Blades   | |  0.5
Axes           | |  3.9
Stealth        | |  0.7
Evocations     | |  0.1

Action                   |  1- 3 |  4- 6 |  7- 9 || total
-------------------------+-------+-------+-------++-------
Melee: Hand axe          |   104 |    23 |       ||   127
       Dagger            |       |    75 |       ||    75
       Morningstar       |       |    88 |   103 ||   191
       Scythe            |       |       |    84 ||    84
Invok: Berserk           |       |     1 |     6 ||     7
Evoke: Wand              |       |     1 |     3 ||     4
  Use: Scroll            |     1 |     1 |     1 ||     3
       Potion            |       |       |     8 ||     8
Armor: Animal skin       |     6 |       |       ||     6
       Ring mail         |    27 |    68 |   108 ||   203
       Skin              |       |       |     1 ||     1
Dodge: Dodged            |    72 |   128 |   123 ||   323
